 Dungeon Crawl Stone Soup version 0.26.1-11-gd32895ea62 (webtiles) character file.

Game seed: 12171830530105374382

37 Descartes the Sneak (level 3, -2/16 HPs)
             Began as a Spriggan Enchanter on Apr 20, 2021.
             Killed from afar by a white imp (7 damage)
             ... with a puff of frost
             ... summoned by Natasha
             ... on level 1 of the Dungeon.
             The game lasted 00:03:14 (1854 turns).

Descartes the Sneak (Spriggan Enchanter)            Turns: 1854, Time: 00:03:16

Health: -2/16      AC:  2    Str:  5    XL:     3   Next: 23%
Magic:  8/8        EV: 19    Int: 16    God:
Gold:   104        SH:  0    Dex: 16    Spells: 6/7 levels left

rFire    . . .     SeeInvis +   a - +2 dagger
rCold    . . .     Faith    .   (shield restricted)
rNeg     . . .     Spirit   .   b - +0 robe
rPois    .         Reflect  .   (helmet restricted)
rElec    .         Harm     .   (no cloak)
rCorr    .         Rampage  .   (gloves unavailable)
Will     .....     Rnd*Tele +   (boots unavailable)
Stlth    +++.......             (no amulet)
HPRegen  0.05/turn              j - ring of teleportation (curse)
MPRegen  0.11/turn              (no ring)

@: hasted, very quick
A: very small, unfitting armour, see invisible, speed 3
a: no special abilities


You were on level 1 of the Dungeon.
You visited 1 branch of the dungeon, and saw 2 of its levels.

You collected 104 gold pieces.

Inventory:

Hand Weapons
 a - a +2 dagger (weapon)
Missiles
 g - 12 stones
Armour
 b - a +0 robe (worn)
Jewellery
 j - a cursed ring of teleportation (left hand)
Scrolls
 c - 2 scrolls of identify


   Skills:
 + Level 2.1 Short Blades
 + Level 3.9 Dodging
 + Level 5.3 Stealth
 - Level 2.6 Spellcasting
 - Level 3.6 Hexes


You had 6 spell levels left.
You knew the following spells:

 Your Spells              Type           Power        Failure   Level
a - Corona                Hex            14%          4%          1

Your spell library contained the following spells:

 Spells                   Type           Power        Failure   Level
 Confusing Touch          Hex            13%          13%         3
 Tukima's Dance           Hex            13%          13%         3
 Ensorcelled Hibernation  Hex/Ice        14%          14%         2
 Dazzling Flash           Conj/Hex       14%          28%         3


Dungeon Overview and Level Annotations

Branches:
Dungeon (2/15)

Altars:

Annotations:
D:1 Natasha


Innate Abilities, Weirdness & Mutations

You are very small and have problems with some larger weapons.
You are too small for most types of armour.
You have supernaturally acute eyesight. (SInv)
You cover ground extremely quickly.


Message History

You miss Natasha. Natasha barely misses you.
You barely miss Natasha. Natasha claws you. The white imp barely misses you.
You miss Natasha.
Natasha mumbles some strange words.
You barely miss Natasha. The white imp gestures at you.
The puff of frost hits you. Natasha barely misses you.
You hit Natasha.
Natasha is lightly wounded.
The white imp closely misses you.
You hit Natasha.
Natasha is moderately wounded.
Natasha claws you but does no damage.
You hit Natasha.
Natasha is heavily wounded.
Natasha extends her claws.
Natasha closely misses you. The white imp gestures at you.
The puff of frost hits you!
You die...

#.###...#####.#.#.#........
#.......##..#.#.#.#..###'#P
###########...##..#...#.#.♣#...#P
#..................)..#.#.♣#.♣.#P
#.##########.#.#.#....#.#⌠♣#...##
#.##.........#.#......#.####''###
#.##.#####.#)#.###....#.# #...#..
#.##.###.#.....##.......#####.'<.
#.##.....#.#...5@.5.......#######
#.######.######.#h.####....######
.............................^...
########.###...5#######....#####.
#.# #.)..# #........## #.#
#....#######....###.## #.#
#....'.........## #.## #.#
#.)..########### #.# #.#
#....+.........####'##


You could see Natasha (fast), 2 white imps and a shadow imp (summoned).

Vanquished Creatures
  An ooze (D:1)
  2 dart slugs
  A leopard gecko (D:1)
  A giant cockroach (D:1)
  3 goblins (D:1)
  5 hobgoblins (D:1)
  7 kobolds
  4 bats
  3 frilled lizards
  A rat (D:1)
28 creatures vanquished.

Notes
Turn   | Place    | Note
-------+----------+-------------------------------------------
     0 | D:1      | Descartes the Spriggan Enchanter began the quest for the
                  | Orb.
     0 | D:1      | Reached XP level 1. HP: 9/9 MP: 5/5
   149 | D:1      | Reached XP level 2. HP: 13/13 MP: 6/6
   495 | D:1      | Reached skill level 5 in Stealth
  1173 | D:1      | Reached XP level 3. HP: 16/16 MP: 8/8
  1603 | D:2      | Noticed Natasha
  1854 | D:1      | Killed from afar by a white imp

Illustrated notes

Levels and vault maps discovered:
D:1:      sevenhm_arrival_forest_fort_small_3, layout_basic, minmay_tromino_v4_a
D:2:      minmay_spotlight, layout_basic, uniq_terence, uniq_natasha

Skill      XL: |  1  2 |
---------------+-------+-----
Stealth        | 5 |  5.3
Short Blades   | 2 |  2.1
Dodging        | |  3.9
Spellcasting   | |  2.6
Hexes          | |  3.6

Action                   || total
-------------------------++-------
Melee: Dagger            ||   134
  Use: Scroll            ||     5
       Potion            ||     2
 Stab: Sleeping          ||     8
Armor: Robe              ||     8
Dodge: Dodged            ||   124
